 Dungeon Crawl Stone Soup version 0.20.0-14-g326068f (webtiles) character file.

118 Monsterracer the Cudgeler (level 5, -4/30 HPs)
             Began as a Gargoyle Gladiator on June 8, 2017.
             Killed from afar by Sigmund (13 damage)
             ... with a puff of flame
             ... on level 2 of the Dungeon.
             The game lasted 00:04:58 (2226 turns).

Monsterracer the Cudgeler (Gargoyle Gladiator)      Turns: 2226, Time: 00:04:58

Health: -4/30      AC:  8    Str: 20    XL:     5   Next: 2%
Magic:  5/5        EV: 18    Int:  9    God:
Gold:   61         SH:  0    Dex: 21    Spells: 4/4 levels left

rFire    x . .     SeeInvis .   a - +0 flail
rCold    . . .     Gourm    .   (no shield)
rNeg     + . .     Faith    .   b - +0 leather armour
rPois    ∞         Spirit   .   j - +0 helmet "Jix Zys" {rPois rF- Str+3 Dex+4} (curse)
rElec    +         Reflect  .   (no cloak)
rCorr    .         Harm     .   (no gloves)
MR       .....                  (no boots)
Stlth    +++.......             (no amulet)
Regen    0.1/turn               (no ring)
MPRegen  0.1/turn               (no ring)

@: agile
A: negative energy resistance 1, electricity resistance, unbreathing,
petrification resistance, rot immunity, AC +4
a: no special abilities


You were on level 2 of the Dungeon.
You were hungry.

You visited 1 branch of the dungeon, and saw 2 of its levels.

You collected 61 gold pieces.

Inventory:

Hand Weapons
 a - a +0 flail (weapon)
 g - a +0 mace of protection
Missiles
 d - 3 throwing nets (quivered)
Armour
 b - a +0 leather armour (worn)
 c - a +0 helmet
 j - the cursed +0 helmet "Jix Zys" (worn) {rPois rF- Str+3 Dex+4}
   (You took it off Robin on level 2 of the Dungeon)

   It affects your strength (+3).
   It affects your dexterity (+4).
   It makes you vulnerable to fire.
   It protects you from poison.
   It has a curse placed upon it.
Scrolls
 e - a scroll of fog {unknown}
 h - 2 scrolls of identify {unknown}
 k - a scroll of teleportation {unknown}
Comestibles
 f - a bread ration
 l - 2 meat rations


   Skills:
 - Level 2.1 Fighting
 + Level 5.5 Maces & Flails
 - Level 1.7 Throwing
 - Level 2.4 Dodging


You had 4 spell levels left.
You didn't know any spells.

Dungeon Overview and Level Annotations

Branches:
Dungeon (2/15)

Altars:
Ashenzari
Dithmenos
Elyvilon
Fedhas
Vehumet
Yredelemnul
Zin

Annotations:
D:2 Sigmund


Innate Abilities, Weirdness & Mutations

You are resistant to torment.
Your stone body is resilient. (AC +4)
You are immune to poison.
You resist negative energy. (rN+)
You are resistant to electric shocks. (rElec)
You can survive without breathing.
You are immune to petrification.
You are immune to rotting.


Message History

You bump into the rock wall.
Something hits you.
You barely miss something.
You bump into the rock wall.
You hear some strange, mumbled words.
Something tries to affect you, but you resist.
You're too confused to move!
Something hits you but does no damage.
You bump into the rock wall.
Something hits you.
* * * LOW HITPOINT WARNING * * *
You bump into the rock wall.
You feel less confused.
You closely miss something. Something closely misses you.
You hit something but do no damage. Something barely misses you.
You miss something. Something hits you.
* * * LOW HITPOINT WARNING * * *
You hit something. You thump something!
You hear some strange, mumbled words.
A puff of flame appears from out of thin air!
The puff of flame hits you! The fire burns you terribly!
You die...

## ## #. .#
#.# #.# #.. ..
#..#.# # ....
.####
#{###....[.
#†@...# #
#.#†#### #
##....# #
####.##
##...##
###.#)#.###.#
...<........#
###.#.#.#####
##...#########


There were no monsters in sight!

Vanquished Creatures
  Robin (D:2)
  3 adders
  A worm (D:2)
  2 dart slugs
  3 giant cockroaches (D:2)
  13 goblins (D:2)
  12 hobgoblins
  5 jackals
  11 bats
  3 frilled lizards
  5 kobolds
  8 rats
67 creatures vanquished.

Notes
Turn   | Place    | Note
-------+----------+-------------------------------------------
     0 | D:1      | Monsterracer the Gargoyle Gladiator began the quest for the Orb.
     0 | D:1      | Reached XP level 1. HP: 12/12 MP: 1/1
   152 | D:1      | Reached XP level 2. HP: 12/17 MP: 2/2
   583 | D:1      | Reached skill level 4 in Maces & Flails
  1034 | D:1      | Reached XP level 3. HP: 13/21 MP: 3/3
  1469 | D:2      | Reached XP level 4. HP: 21/26 MP: 4/4
  1575 | D:2      | Found a radiant altar of Vehumet.
  1575 | D:2      | Found a shadowy altar of Dithmenos.
  1613 | D:2      | Found a blossoming altar of Fedhas.
  1615 | D:2      | Found a shattered altar of Ashenzari.
  1618 | D:2      | Found a white marble altar of Elyvilon.
  1891 | D:2      | Reached skill level 5 in Maces & Flails
  1894 | D:2      | Found a glowing silver altar of Zin.
  1899 | D:2      | Found a basalt altar of Yredelemnul.
  1990 | D:2      | Noticed Robin
  2020 | D:2      | Killed Robin
  2024 | D:2      | Got a smoking helmet
  2042 | D:2      | Identified the cursed +0 helmet "Jix Zys" {rPois rF- Str+3 Dex+4} (You took it off Robin on level 2 of the Dungeon)
  2186 | D:2      | Noticed Sigmund
  2189 | D:2      | Reached XP level 5. HP: 30/30 MP: 5/5
  2226 | D:2      | Killed from afar by Sigmund

Skill      XL: |  1  2  3  4 |
---------------+-------------+-----
Maces & Flails | 4 5 |  5.5
Fighting       | |  2.1
Throwing       | |  1.7
Dodging        | |  2.4

Action                   |  1- 3 |  4- 6 || total
-------------------------+-------+-------++-------
Melee: Flail             |   109 |   107 ||   216
  Use: Potion            |     3 |     3 ||     6
  Eat: Chunk             |     2 |     2 ||     4
Armor: Leather armour    |    54 |    51 ||   105
Dodge: Dodged            |    95 |    74 ||   169
